Map: Year Zero LE

Players

Rex - Winner!

  • Race: Zerg Zerg
  • Spawn Location: 1:00

HellraiseR

  • Race: Protoss Protoss
  • Spawn Location: 11:00

Event: 2019 WCS Spring

VOD

Have the link to the VOD?

Description

Time

  • Played on: May 17, 2019, 3:12 p.m.
  • Length: 12:08

All games in this series

Show
View Real Time Build Order
Export as new Build Order

Rex Zerg - Winner!

Build Orders: Hatch First 

Get SALT Encoding   

  12  0:00  Drone  
  13  0:13  Overlord  
  13  0:18  Drone  
  14  0:31  Drone x2  
  16  0:50  Hatchery  
  16  0:53  Drone  
  16  0:56  Drone  
  17  1:00  Drone  
  18  1:11  Extractor  
  17  1:16  Spawning Pool  
  16  1:20  Drone  
  16  1:22  Drone  
  18  1:29  Drone  
  19  2:08  Zergling x6  
  22  2:20  Spine Crawler  
  21  2:24  Spine Crawler  
  20  2:33  Spine Crawler  
  19  2:42  Queen x2  
  26  2:48  Overlord  
  26  3:02  Hatchery  
  25  3:06  Drone  
  25  3:07  Drone  
  25  3:10  Drone  
  28  3:13  Drone  
  28  3:17  Drone  
  30  3:23  Drone x2  
  32  3:33  Queen  
  34  3:37  Overlord  
  34  3:40  Drone  
  35  3:44  Drone  
  36  3:56  Drone x3  
  36  3:57  Drone x3  
  41  4:16  Drone x5  
  45  4:20  Drone  
  44  4:24  Drone  
  44  4:29  Overlord  
  44  4:36  Metabolic Boost  
  44  4:38  Overlord  
  44  4:46  Overlord  
  44  4:47  Queen  
  44  4:48  Zergling x6  
  44  4:52  Spore Crawler  
  48  4:55  Spore Crawler  
  48  4:58  Drone x4  
  51  5:02  Drone x2  
  51  5:05  Drone  
  51  5:06  Drone  
  55  5:08  Drone  
  55  5:13  Extractor x2  
  55  5:14  Spore Crawler x2  
  52  5:16  Drone  
  52  5:18  Drone  
  54  5:21  Drone x2  
  54  5:23  Drone  
  54  5:25  Spore Crawler  
  56  5:31  Overlord  
  56  5:32  Lair  
  59  5:37  Overlord x2  
  59  5:38  Overlord  
  59  5:46  Spore Crawler  
  58  5:50  Drone  
  58  5:51  Drone x6  
  58  5:55  Drone x2  
  58  5:56  Drone x3  
  70  5:57  Drone x2  
  70  5:59  Queen  
  74  6:04  Drone  
  74  6:05  Drone x2  
  74  6:07  Extractor x2  
  74  6:08  Evolution Chamber  
  73  6:11  Roach Warren, Drone  
  73  6:12  Drone  
  73  6:16  Drone x2  
  73  6:17  Drone  
  78  6:18  Drone  
  78  6:22  Zergling x6  
  81  6:28  Extractor  
  81  6:29  Extractor  
  81  6:31  Zergling x2  
  81  6:32  Zergling x10  
  85  6:35  Zerg Missile Weapons Level 1  
  85  6:38  Zergling x2  
  86  6:49  Zergling x6  
  84  6:56  Hatchery  
  84  6:57  Roach x4  
  87  7:04  Roach, Zergling x2  
  87  7:05  Roach, Zergling x6  
  88  7:13  Drone x4  
  88  7:14  Queen  
  89  7:15  Overlord  
  89  7:21  Queen  
  88  7:31  Extractor, Queen, Spire  
  88  7:37  Roach x2, Zergling x6  
  88  7:38  Zergling x2  
  88  7:40  Drone  
  88  7:42  Overlord  
  97  7:46  Overlord  
  97  7:47  Overlord x2  
  97  7:49  Overlord  
  97  7:53  Glial Reconstitution  
  97  8:05  Drone x3  
  99  8:06  Drone  
  99  8:07  Drone x3  
  99  8:08  Drone x2  
  106  8:33  Extractor, Drone x3  
  110  8:34  Drone x2  
  110  8:36  Extractor  
  109  8:43  Zerg Missile Weapons Level 2  
  109  8:44  Mutalisk x9  
  109  8:45  Mutalisk  
  109  8:47  Overlord x2  
  129  9:01  Overlord  
  128  9:03  Drone x2  
  128  9:04  Drone x3  
  128  9:08  Zerg Flyer Weapons Level 1  
  133  9:11  Mutalisk x2  
  133  9:12  Mutalisk  
  133  9:13  Hatchery  
  133  9:14  Zergling x20  
  148  9:22  Drone x2  
  150  9:26  Mutalisk x3  
  150  9:39  Roach  
  150  9:40  Roach x4  
  150  9:41  Overlord x2  
  157  9:46  Ravager x2  
  157  9:50  Overlord  
  157  9:52  Overlord  
  159  9:56  Roach  
  159  10:01  Roach x9  
  173  10:07  Roach  
  175  10:15  Roach x3  
  175  10:16  Roach  
  175  10:17  Roach x2  
  175  10:20  Roach x2  
  188  10:22  Roach x2  
  188  10:25  Roach, Overlord  
  188  10:28  Roach  
  189  10:34  Overlord  
  181  10:38  Overlord  
  181  10:41  Overlord x2  
  161  10:46  Roach x4  
  149  10:52  Roach x2  
  149  10:55  Roach  
  149  10:56  Roach  
  141  11:00  Roach  
  141  11:02  Drone  
  141  11:10  Drone  
  141  11:11  Drone x3  
  143  11:15  Drone  
  136  11:28  Mutalisk  
  136  11:29  Mutalisk x6  
  150  11:41  Zergling x12  
  150  11:42  Zergling x6  
  159  11:51  Drone  
  159  11:52  Drone x6  
Show
View Real Time Build Order
Export as new Build Order

HellraiseR Protoss 

Build Orders: Phoenix Opening 

Get SALT Encoding   

  12  0:00  Probe  
  13  0:13  Probe  
  14  0:20  Pylon  
  14  0:25  Probe  
  15  0:34  Probe  
  15  0:39  Gateway  
  15  0:42  Probe  
  16  0:48  Assimilator  
  17  0:53  Probe  
  18  1:05  Probe  
  19  1:16  Forge  
  19  1:23  Pylon  
  19  1:27  Pylon  
  19  1:48  Photon Cannon  
  19  1:50  Pylon  
  19  1:57  Photon Cannon  
  19  2:03  Probe  
  19  2:06  Cybernetics Core  
  20  2:15  Photon Cannon  
  20  2:16  Pylon  
  20  2:19  Pylon  
  20  2:21  Photon Cannon  
  20  2:27  Photon Cannon  
  20  2:33  Probe  
  20  2:35  Adept  
  21  2:43  Nexus  
  21  2:50  Pylon  
  23  3:01  Stargate  
  23  3:05  Adept  
  23  3:08  Probe  
  23  3:10  Assimilator  
  24  3:16  Probe  
  26  3:24  Probe  
  28  3:34  Probe  
  31  3:42  Pylon  
  31  3:45  Phoenix  
  31  3:53  Probe  
  31  3:55  Probe  
  32  3:58  Warp Gate  
  32  3:59  Adept  
  32  4:01  Probe  
  35  4:07  Oracle, Probe  
  40  4:18  Probe  
  41  4:26  Probe  
  42  4:32  Twilight Council, Probe  
  42  4:38  Probe  
  44  4:45  Probe  
  45  4:50  Probe  
  45  4:51  Gateway  
  45  4:52  Oracle  
  46  4:53  Gateway  
  46  4:56  Pylon  
  46  4:57  Probe, Resonating Glaives  
  47  5:02  Probe  
  47  5:06  Pylon  
  51  5:09  Probe  
  52  5:15  Probe  
  53  5:21  Probe  
  53  5:27  Probe  
  55  5:30  Assimilator x2  
  55  5:33  Probe  
  56  5:37  Pylon  
  56  5:39  Probe  
  57  5:46  Probe  
  57  5:48  Adept x3  
  64  5:51  Probe  
  65  6:03  Probe  
  67  6:07  Nexus  
  67  6:09  Adept x2  
  67  6:10  Adept  
  72  6:16  Probe  
  73  6:20  Probe  
  73  6:23  Pylon  
  74  6:25  Robotics Facility  
  74  6:28  Probe  
  74  6:29  Protoss Ground Weapons Level 1  
  74  6:32  Probe, Adept  
  78  6:38  Charge  
  78  6:41  Probe  
  78  6:45  Probe  
  80  6:53  Probe  
  81  6:57  Probe  
  78  7:05  Probe  
  78  7:07  Adept x3  
  76  7:09  Probe  
  76  7:12  Immortal  
  73  7:17  Probe  
  73  7:21  Probe  
  73  7:27  Probe  
  73  7:29  Probe, Adept x3  
  83  7:33  Probe  
  83  7:35  Gateway  
  83  7:36  Gateway  
  84  7:38  Immortal  
  84  7:40  Gateway  
  84  7:41  Gateway  
  85  7:46  Gateway  
  85  7:49  Templar Archives  
  84  7:57  Adept  
  90  7:59  Probe x2  
  90  8:00  Probe  
  90  8:01  Assimilator  
  90  8:02  Assimilator  
  90  8:05  Sentry x2  
  97  8:07  Immortal  
  97  8:08  Pylon  
  101  8:27  High Templar  
  101  8:29  Pylon  
  101  8:31  Pylon  
  101  8:33  High Templar  
  105  8:34  Zealot x2  
  105  8:39  Pylon, Archon  
  105  8:40  Pylon  
  109  8:43  Warp Prism  
  109  8:45  Photon Cannon  
  111  8:50  Pylon  
  111  8:52  High Templar x2  
  111  8:53  Zealot, Sentry  
  111  8:54  Zealot x2  
  123  8:58  Pylon, Archon  
  123  9:09  Protoss Ground Weapons Level 2  
  120  9:10  Zealot x2  
  120  9:13  Photon Cannon  
  120  9:16  Pylon  
  124  9:22  Observer  
  125  9:27  Sentry, High Templar x2  
  125  9:28  Zealot x3  
  125  9:31  Archon  
  137  9:32  Phoenix  
  136  9:43  Stalker x2, Probe  
  136  9:44  Probe  
  137  9:45  Probe  
  137  9:55  Observer  
  137  9:56  Probe x2  
  137  9:57  Probe  
  137  9:59  Stalker x3  
  140  10:08  Probe x2  
  140  10:10  Probe  
  143  10:20  Probe x2  
  141  10:22  Probe  
  136  10:33  Zealot x6  
  136  10:34  Zealot x2  
  117  10:54  Phoenix  
  117  10:55  Probe  
  117  10:57  Probe  
  93  10:59  High Templar x4  
  93  11:00  Zealot x4  
  93  11:01  Photon Cannon  
  107  11:05  Warp Prism  
  107  11:06  Archon  
  107  11:07  Archon  
  109  11:21  Stalker x4  
  109  11:22  Probe  
  115  11:31  Stalker x4  
  99  11:45  Probe x2  
  92  11:51  Zealot x4  
Tags
 
Add a new tag
Caveats
  • Supply blocks, unpowered buildings, or Contaminate may cause inaccurate times.
  • Supply counts are checked every 10 seconds.